 Dungeon Crawl Stone Soup version 0.28.0-53-g5a82cb258f (webtiles) character file.

Game seed: 6793364099277257860

5922 DemonSlayer the Thaumaturge (level 10, -7/68 HPs)
             Began as a Demonspawn Fire Elementalist on July 26, 2022.
             Killed from afar by an electric eel (10 damage)
             ... with a bolt of electricity
             ... in a bailey.
             The game lasted 00:20:18 (8950 turns).

DemonSlayer the Thaumaturge (DsFE)                  Turns: 8950, Time: 00:20:18

Health: -7/68      AC: 10    Str:  9    XL:     10   Next: 53%
Magic:  13/22      EV: 12    Int: 21    God:
Gold:   208        SH:  0    Dex: 13    Spells: 6/26 levels left

rFire   . . .      SeeInvis .   m - +6 dagger
rCold   + . .      Faith    .   (no shield)
rNeg    . . .      Spirit   .   E - +0 steam dragon scales
rPois   .          Reflect  .   (no helmet)
rElec   .          Harm     .   b - +0 cloak
rCorr   .          Rampage  .   g - +0 pair of gloves
Will    .....                   f - +1 pair of boots
Stlth   ++++......              (no amulet)
HPRegen 0.21/turn               s - ring of wizardry
MPRegen 0.18/turn               D - ring of protection from cold

@: studying Polearms, invisible
A: demonic guardian 1, sharp scales 1, demonic magic 2
a: no special abilities


You were in a bailey.
You visited 1 branch of the dungeon, and saw 7 of its levels.
You also visited: Bailey.

You collected 448 gold pieces.
You spent 240 gold pieces at shops.

Inventory:

Hand Weapons
 m - a +6 dagger (weapon)
Missiles
 l - 3 silver javelins
Armour
 a - +0 acid dragon scales
 b - a +0 cloak (worn)
 f - a +1 pair of boots (worn)
 g - a +0 pair of gloves (worn)
 r - a +2 ring mail of positive energy
 y - a +2 robe of positive energy
 E - +0 steam dragon scales (worn)
Jewellery
 s - a ring of wizardry (left hand)
 u - a ring of see invisible
 D - a ring of protection from cold (right hand)
Wands
 o - a wand of polymorph (9)
 B - a wand of flame (8)
Scrolls
 e - a scroll of summoning
 h - 4 scrolls of teleportation
 v - 2 scrolls of acquirement
 x - a scroll of silence
Potions
 c - 2 potions of heal wounds {unknown}
 d - 3 potions of haste
 i - 3 potions of invisibility
 j - 3 potions of mutation {unknown}
 k - 2 potions of berserk rage {unknown}
 n - 3 potions of curing
 p - 2 potions of flight {unknown}
 q - a potion of brilliance {unknown}
 t - a potion of lignification {unknown}
 w - a potion of experience {unknown}
 z - a potion of ambrosia {unknown}
 A - a potion of magic {unknown}


   Skills:
 + Level 2.6 Fighting
 + Level 2.5 Short Blades
 + Level 2.7 Dodging
 + Level 8.0 Stealth
 + Level 8.8 Spellcasting
 + Level 2.3 Conjurations
 + Level 8.5 Fire Magic
 + Level 0.4 Evocations


You had 6 spell levels left.
You knew the following spells:

 Your Spells              Type           Power      Damage    Failure   Level
a - Foxfire               Conj/Fire      100%       2x1d9     1%          1
b - Scorch                Fire           90%        2d10      1%          2
c - Conjure Flame         Conj/Fire      32%        6-21      1%          3
d - Flame Wave            Conj/Fire      32%        2d8       3%          4
e - Summon Ice Beast      Ice/Summ       9%         N/A       28%         4
f - Starburst             Conj/Fire      16%        6d6       43%         6

Your spell library contained the following spells:

 Spells                   Type           Power      Damage    Failure   Level
 Inner Flame              Hex/Fire       27%        N/A       1%          3
 Summon Mana Viper        Hex/Summ       9%         N/A       58%         5
 Conjure Ball Lightning   Conj/Air       7%         3x3d6     93%         6
 Summon Cactus Giant      Summ           4%         N/A       98%         6
 Monstrous Menagerie      Summ           4%         N/A       100%        7
 Discord                  Hex            4%         N/A       100%        8
 Disjunction              Tloc           4%         N/A       100%        8


Dungeon Overview and Level Annotations

Branches:
Dungeon (7/15)             Bailey (1/1)
 Temple: D:4-7

Altars:
Dithmenos
Fedhas
Vehumet

Shops:
D:6 *

Annotations:
D:3 3 runed translucent doors, SanguineChosen's ghost, amateur GrFi
D:5 1 runed translucent door
D:6 3 runed translucent doors, JJisdabomb's ghost, novice DsFi


Innate Abilities, Weirdness & Mutations

A weak demonic guardian rushes to your aid.
You are partially covered in razor-sharp scales. (AC +1, Slay +1)
Spells you cast may paralyse nearby enemies.


Message History

Malevolent energies surge around you.
Flames lash the orc knight.
The orc knight is burned terribly!
The orc knight is lightly wounded.
Malevolent energies surge around you.
Flames lash the orc knight.
The orc knight is burned terribly!
The orc knight is heavily wounded.
Malevolent energies surge around you.
The orc knight hits you but does no damage.
An electric eel comes into view.
Flames lash the orc knight.
The orc knight is burned terribly!
The orc knight is severely wounded.
Malevolent energies surge around you.
The orc knight hits you with a +0 war axe.
The electric eel shoots out a bolt of lightning at you!
The bolt of electricity hits you.
Flames lash the orc knight.
The orc knight is burned terribly!
The orc knight is almost dead.
Malevolent energies surge around you.
The orc knight suddenly stops moving!
The orc warrior suddenly stops moving!
The helpless orc knight fails to defend itself.
You stick the orc knight like a pincushion!!!
You kill the orc knight!
Your Stealth skill increases to level 8!
The orc warrior is no longer paralysed.
The orc warrior hits you with a +0 battleaxe!!
A demonic guardian appears!
There is an open door, spattered with blood here.
Things that are here:
a +0 war axe; a +3 scale mail; an orc corpse You hit the orc warrior.
The orc warrior is lightly wounded.
The electric eel shoots out a bolt of lightning at you!
The bolt of electricity hits you! x2
* * * LOW HITPOINT WARNING * * *
You fade into invisibility!
The orc warrior hits you with a +0 battleaxe!
* * * LOW HITPOINT WARNING * * *
The electric eel shoots out a bolt of lightning at you!
The bolt of electricity misses you. The bolt of electricity hits you!
You die...

########....##.....#.≈≈≈≈≈......#
..#.'..#....#####++#.≈≈≈≈≈......#
..#.#.[#....#......#.≈≈≈≈≈.######
..'.#[['....#......#.≈≈≈≈≈≈#
#############...######≈≈≈≈≈#
..#))...')8.8.8.#....#≈≈≈≈≈#
..'))...#.).....#....#≈≈≈≈≈#
..###############..# #≈≈≈≈≈#
..'............5@o.# #≈≈≈≈≈#
###≈≈≈≈≈≈≈≈≈≈≈≈≈#### #≈≈≈≈≈#
≈≈≈≈≈≈≈≈≈≈≈≈≈≈≈≈≈≈≈≈
≈≈≈≈≈≈≈≈≈≈≈≈≈≈≈≈≈≈≈≈≈
≈≈≈≈≈≈≈≈≈≈≈≈≈≈≈S≈≈≈≈≈≈
≈≈≈≈≈≈≈≈≈≈≈≈≈≈≈≈≈≈≈≈≈≈
≈≈≈≈≈≈≈≈≈≈≈≈≈≈≈≈≈≈≈≈≈≈
≈≈≈≈≈≈≈≈≈≈≈≈≈≈≈≈≈≈≈≈≈≈
≈≈≈≈≈≈≈≈≈≈≈


You could see an orc warrior (ally target), an electric eel and a friendly iron
imp (summoned).

Vanquished Creatures
  4 orc knights (Bailey)
  An orc sorcerer (Bailey)
  A manticore (D:7)
  Maggie (D:6)
  A kobold demonologist (Bailey)
  A shadow (D:7)
  A water moccasin (D:7)
  An acid dragon (D:6)
  4 orc warriors (Bailey)
  A sky beast (D:7)
  2 black bears
  A necrophage (D:6)
  4 ogres
  A centaur (D:6)
  A kobold brigand (D:7)
  A bullfrog (D:6)
  2 scorpions (D:6)
  A water moccasin zombie (D:5)
  2 water moccasin skeletons
  2 killer bees (D:7)
  An electric eel (Bailey)
  A hound (D:7)
  2 orc priests
  2 jellies
  Ijyb (D:3)
  2 iguanas
  4 orc wizards
  A killer bee zombie (D:7)
  11 gnolls
  12 adders
  A shadow imp (D:6)
  An ufetubus (D:5)
  3 dart slugs
  14 orcs
  14 ball pythons
  2 endoplasms (D:1)
  3 giant cockroaches
  14 goblins
  8 hobgoblins
  8 kobolds
  3 quokkas
  4 bats
  A frilled lizard (D:2)
  5 rats
151 creatures vanquished.

Vanquished Creatures (collateral kills)
  2 orc warriors (Bailey)
  A kobold (D:7)
3 creatures vanquished.

Vanquished Creatures (others)
  100 foxfires
100 creatures vanquished.

Grand Total: 254 creatures vanquished

Notes
Turn   | Place    | Note
-------+----------+-------------------------------------------
     0 | D:1      | DemonSlayer the Demonspawn Fire Elementalist began the
                  | quest for the Orb.
     0 | D:1      | Reached XP level 1. HP: 13/13 MP: 3/3
   201 | D:1      | Gained mutation: Spells you cast may paralyse adjacent
                  | enemies. [demonic ancestry]
   201 | D:1      | Reached XP level 2. HP: 17/19 MP: 1/5
   804 | D:1      | Learned a level 2 spell: Scorch
  1125 | D:1      | Reached XP level 3. HP: 15/24 MP: 4/6
  1313 | D:1      | Learned a level 3 spell: Conjure Flame
  1403 | D:2      | Found a faded altar of an unknown god.
  2059 | D:2      | Reached XP level 4. HP: 27/30 MP: 2/7
  2251 | D:2      | Identified the +1 hand axe of Bedyxith {antimagic, *Slow
                  | +Blink rCorr Dex-2}
  2641 | D:3      | Found a runed translucent gate.
  2641 | D:3      | Found a runed translucent gate.
  2641 | D:3      | Found a runed translucent gate.
  2850 | D:3      | Reached skill level 1 in Fighting
  2855 | D:3      | Gained mutation: Spells you cast may paralyse nearby
                  | enemies. [demonic ancestry]
  2855 | D:3      | Reached XP level 5. HP: 32/37 MP: 3/9
  2947 | D:3      | Noticed Ijyb
  2951 | D:3      | Killed Ijyb
  3567 | D:3      | Noticed SanguineChosen's ghost (amateur GrFi)
  3718 | D:4      | Found a radiant altar of Vehumet.
  3730 | D:4      | Reached XP level 6. HP: 40/43 MP: 1/10
  4287 | D:4      | Reached skill level 1 in Short Blades
  4730 | D:4      | Learned a level 4 spell: Flame Wave
  4793 | D:5      | Entered Level 5 of the Dungeon
  4903 | D:5      | Reached XP level 7. HP: 45/48 MP: 5/12
  5370 | D:5      | Found a shadowy altar of Dithmenos.
  5371 | D:5      | Found a blossoming altar of Fedhas.
  5665 | D:5      | Found a runed translucent door.
  5901 | D:5      | Reached skill level 5 in Fire Magic
  6212 | D:6      | Reached skill level 5 in Spellcasting
  6212 | D:6      | Gained mutation: You are partially covered in razor-sharp
                  | scales. (AC +1, Slay +1) [demonic ancestry]
  6212 | D:6      | Reached XP level 8. HP: 54/54 MP: 6/15
  6332 | D:6      | Reached skill level 5 in Stealth
  6602 | D:6      | Found Caijif's Fire Supplies.
  6608 | D:6      | Bought the Disquisition on Fire for 180 gold pieces
  6608 | D:6      | Bought a wand of flame (10) for 60 gold pieces
  6613 | D:6      | Learned a level 4 spell: Summon Ice Beast
  6672 | D:6      | Noticed Maggie
  6681 | D:6      | Killed Maggie
  7159 | D:6      | Found a runed translucent gate.
  7159 | D:6      | Found a runed translucent gate.
  7159 | D:6      | Found a runed translucent gate.
  7170 | D:6      | Noticed a two-headed ogre
  7185 | D:6      | Noticed JJisdabomb's ghost (novice DsFi)
  7390 | D:6      | Learned a level 6 spell: Starburst
  7528 | D:7      | Gained mutation: A weak demonic guardian rushes to your
                  | aid. [demonic ancestry]
  7528 | D:7      | Reached XP level 9. HP: 47/59 MP: 6/19
  7645 | D:7      | Noticed a manticore
  7656 | D:7      | Killed a manticore
  7747 | D:7      | Found a flagged portal.
  7753 | Bailey   | Entered a bailey
  8028 | Bailey   | Noticed an orc knight
  8028 | Bailey   | Noticed an orc knight
  8035 | Bailey   | Killed an orc knight
  8044 | Bailey   | Killed an orc knight
  8045 | Bailey   | Reached XP level 10. HP: 39/68 MP: 2/22
  8188 | Bailey   | Noticed an orc knight
  8194 | Bailey   | Killed an orc knight
  8361 | Bailey   | Found an iron altar of Okawaru.
  8361 | Bailey   | Noticed an orc sorcerer
  8369 | Bailey   | Killed an orc sorcerer
  8941 | Bailey   | Noticed an orc knight
  8947 | Bailey   | Killed an orc knight
  8950 | Bailey   | HP: 3/68 [orc warrior/+0 battleaxe (9)]
  8950 | Bailey   | Killed from afar by an electric eel

Illustrated notes

Levels and vault maps discovered:
D:1:      kennysheep_arrival_forest, layout_loops_cross, minmay_tromino_v4_a
D:2:      layout_loops_corners, hellmonk_ecumenical_altar_inner_sanctum
D:3:      layout_loops_cross, gammafunk_ghost_icy, uniq_ijyb
D:4:      layout_loops_ring, vehumet_crystals
D:5:      layout_loops_corners, mainiacjoe_overflow_catch_the_wave,
          lightli_church_of_beogh
D:6:      layout_rooms, gammafunk_ghost_split, nicolae_shop_fire_sale
          [nicolae_sub_dead_trees], feat_on_display, uniq_maggie
D:7:      layout_cave_pods, slow_altar_1, minmay_temple_entry_overgrown,
          enter_bailey_4, minmay_manual_monstrance
Bailey:   bailey_axe_of_yendor_kennysheep, bailey

Skill      XL: |  1  2  3  4  5  6  7  8  9 10 |
---------------+-------------------------------+-----
Fire Magic     | 3 4 5 6 7 8 |  8.5
Stealth        | 2 3 4 5 6 8 |  8.0
Dodging        | 2 |  2.7
Fighting       | 1 2 |  2.6
Spellcasting   | 3 5 7 8 |  8.8
Short Blades   | 1 2 |  2.5
Conjurations   | 2 |  2.3
Evocations     | |  0.4

Action                   |  1- 3 |  4- 6 |  7- 9 | 10-12 || total
-------------------------+-------+-------+-------+-------++-------
Melee: Dagger            |    65 |    31 |    42 |    16 ||   154
       Punch             |     1 |       |       |       ||     1
 Cast: Foxfire           |    56 |     6 |    13 |       ||    75
       Scorch            |       |    40 |    73 |    21 ||   134
Evoke: Wand              |       |       |     2 |       ||     2
  Use: Scroll            |       |     3 |     9 |       ||    12
       Potion            |       |       |       |     1 ||     1
 Stab: Paralysed         |    23 |    13 |    22 |    14 ||    72
       Sleeping          |     4 |     9 |     7 |       ||    20
Armor: Robe              |    15 |     9 |     8 |       ||    32
       Steam dragon scal |       |       |    20 |     1 ||    21
Dodge: Dodged            |    51 |    15 |    46 |     4 ||   116
